 Dungeon Crawl Stone Soup version 0.25.1-2-g60ff931df9 (webtiles) character file.

Game seed: 994877094258484159

985 HawFromDerth the Reanimator (level 7, -1/37 HPs)
             Began as a Deep Elf Necromancer on Sept 20, 2020.
             Was a Follower of Vehumet.
             Slain by an ice beast (6 damage)
             ... on level 6 of the Dungeon.
             The game lasted 00:26:33 (9654 turns).

HawFromDerth the Reanimator (Deep Elf Necromancer)  Turns: 9654, Time: 00:26:34

Health: -1/37      AC:  6    Str:  5    XL:     7   Next: 97%
Magic:  3/20       EV: 17    Int: 22    God:    Vehumet [*.....]
Gold:   270        SH:  0    Dex: 15    Spells: 7/22 levels left

rFire    . . .     SeeInvis .   s - +0 mace
rCold    . . .     Gourm    .   (no shield)
rNeg     . . .     Faith    .   a - +0 robe
rPois    .         Spirit   .   (no helmet)
rElec    .         Reflect  .   f - +1 cloak
rCorr    .         Harm     .   u - +1 pair of gloves
MR       .....                  (no boots)
Stlth    +++.......             (no amulet)
HPRegen  0.12/turn              b - +4 ring of evasion
MPRegen  0.17/turn              g - ring of stealth

@: no status effects
A: no striking features
a: Renounce Religion


You were on level 6 of the Dungeon.
You worshipped Vehumet.
Vehumet was aware of your devotion.
You were not hungry.

You visited 1 branch of the dungeon, and saw 6 of its levels.

You collected 270 gold pieces.

Inventory:

Hand Weapons
 s - a +0 mace (weapon)
Armour
 a - a +0 robe (worn)
 f - a +1 cloak (worn)
 u - a +1 pair of gloves (worn)
Jewellery
 b - a +4 ring of evasion (left hand)
 g - a ring of stealth (right hand)
 i - an uncursed ring of ice
 k - an uncursed ring of fire {unknown}
 l - an uncursed ring of protection from fire {unknown}
 q - an uncursed ring of protection from fire {unknown}
 r - an uncursed ring of protection from cold {unknown}
 v - an uncursed ring of magical power {unknown}
Wands
 t - a wand of paralysis (8)
Scrolls
 d - 4 scrolls of identify
 h - a scroll of teleportation
 j - 2 scrolls of enchant armour
 n - a scroll of magic mapping
 p - 2 scrolls of amnesia
Potions
 e - a potion of cancellation
 m - a potion of brilliance {unknown}
 o - a potion of lignification {unknown}
Comestibles
 c - 9 rations


   Skills:
 + Level 0.4 Fighting
 + Level 1.3 Maces & Flails
 + Level 3.1 Dodging
 + Level 3.0 Stealth
 + Level 8.0 Spellcasting
 + Level 0.2 Conjurations
 * Level 9.0 Necromancy
 + Level 0.2 Air Magic


You had 7 spell levels left.
You knew the following spells:

 Your Spells              Type           Power        Failure   Level  Hunger
a - Pain                  Necr           ####         1%          1    None
b - Animate Skeleton      Necr           N/A          1%          1    None
c - Animate Dead          Necr           N/A          1%          4    ###....
d - Vampiric Draining     Necr           #####.....   1%          3    None
e - Agony                 Necr           #####...     4%          5    #####..
f - Shock                 Conj/Air       #...         7%          1    None

Your spell library contained the following spells:

 Spells                   Type           Power        Failure   Level  Hunger


Dungeon Overview and Level Annotations

Branches:
Dungeon (6/15)             Temple (0/1) D:4

Altars:
Vehumet

Shops:
D:6 :


Message History

The ice beast hits you.
* * * LOW HITPOINT WARNING * * *
The ice beast freezes you.
* * * LOW HITPOINT WARNING * * *
Casting: Pain (safe; 1% risk of failure)
Confirm with . or Enter, or press ? or * to list all spells.
Aiming: Pain (safe; 1% risk of failure)
Press: ? - help, Shift-Dir - straight line, f/p - ice beast
Aim: an ice beast (heavily wounded, chance to defeat MR: 84%)
The ice beast writhes in agony!
The ice beast closely misses you.
Casting: Pain (safe; 1% risk of failure)
Confirm with . or Enter, or press ? or * to list all spells.
Aiming: Pain (safe; 1% risk of failure)
Press: ? - help, Shift-Dir - straight line, f/p - ice beast
Aim: an ice beast (severely wounded, chance to defeat MR: 84%)
The ice beast writhes in agony.
The ice beast hits you.
* * * LOW HITPOINT WARNING * * *
The ice beast freezes you.
You die...

######..### ##.##
##..####...## ##.##
#....####...######.##
##.....####...##....#
#.......####........#
#........# ##(......#
.........# ##.......#
.........###.^......#
............#...@Y..#
.........#####......##
#.......## ##......###
#......##
###......##########
#....###
##...............
##..## #####
#...#########... ####
##...### ##.## ####
##......## #.# ###.
##........###.# #...


You could see an ice beast.

Vanquished Creatures
  An ogre (D:5)
  A sky beast (D:5)
  3 bullfrogs (D:6)
  A hound (D:2)
  2 centaur skeletons
  2 jellies (D:5)
  3 orc wizards
  An iguana (D:5)
  4 worker ants
  A mummy (D:5)
  7 adders
  5 shadow imps
  An ooze (D:3)
  A worm (D:3)
  3 dart slugs (D:1)
  4 leopard geckos
  10 orcs
  6 giant cockroaches
  9 goblins
  9 hobgoblins
  19 jackals
  4 quokkas
  7 bats
  2 frilled lizards (D:3)
  7 kobolds
  A quokka zombie (D:6)
  5 rats
119 creatures vanquished.

Vanquished Creatures (collateral kills)
  A water moccasin skeleton (D:5)
  A bat (D:1)
  A goblin (D:2)
  A jackal (D:2)
  A frilled lizard (D:2)
  A rat (D:2)
6 creatures vanquished.

Grand Total: 125 creatures vanquished

Notes
Turn   | Place    | Note
-------+----------+-------------------------------------------
     0 | D:1      | HawFromDerth the Deep Elf Necromancer began the quest for
                  | the Orb.
     0 | D:1      | Reached XP level 1. HP: 10/10 MP: 6/6
     2 | D:1      | Learned a level 1 spell: Animate Skeleton
    18 | D:1      | Reached skill level 5 in Necromancy
   559 | D:1      | Reached XP level 2. HP: 15/15 MP: 6/8
  1686 | D:2      | Reached XP level 3. HP: 18/19 MP: 7/10
  1954 | D:2      | Found a radiant altar of Vehumet.
  2341 | D:2      | Reached XP level 4. HP: 13/24 MP: 2/12
  2528 | D:2      | Reached skill level 6 in Necromancy
  3348 | D:2      | Became a worshipper of Vehumet
  3565 | D:3      | Reached skill level 5 in Spellcasting
  3591 | D:3      | Learned a level 4 spell: Animate Dead
  3942 | D:3      | Reached XP level 5. HP: 27/28 MP: 9/14
  4650 | D:3      | Learned a level 3 spell: Vampiric Draining
  4656 | D:3      | Learned a level 5 spell: Agony
  5090 | D:4      | Reached skill level 7 in Necromancy
  5535 | D:4      | Reached XP level 6. HP: 22/32 MP: 7/16
  5808 | D:4      | Found a staircase to the Ecumenical Temple.
  6480 | D:5      | Entered Level 5 of the Dungeon
  6873 | D:5      | Reached * piety under Vehumet
  6873 | D:5      | Offered knowledge of Shock by Vehumet.
  6894 | D:5      | Reached skill level 1 in Maces & Flails
  7486 | D:5      | Reached XP level 7. HP: 34/36 MP: 17/19
  7719 | D:5      | Reached skill level 8 in Necromancy
  9102 | D:6      | Found Xiokan's Book Emporium.
  9329 | D:6      | Noticed a hungry ghost
  9371 | D:6      | Learned a level 1 spell: Shock
  9620 | D:6      | Reached skill level 9 in Necromancy
  9654 | D:6      | Slain by an ice beast

Illustrated notes

Levels and vault maps discovered:
D:1:      dpeg_arrival_stonehenge_12_columns, layout_loops_corners,
          grunt_decor_one_mirror, minmay_misc_feat_cross
D:2:      layout_loops_ring, fiery_altar_vehumet, fountainhead
D:3:      layout_basic, st_stairs_4
D:4:      layout_loops_ring, minmay_temple_entry_overgrown, first_ration
D:5:      kennysheep_spiral_hall, layout_basic, gup_ossuary_entry_pyramid,
          minmay_misc_feat_hallway
D:6:      layout_cave_pods, serial_shops, nicolae_shop_waterfront

Skill      XL: |  1  2  3  4  5  6  7 |
---------------+----------------------+-----
Necromancy     | 5 6 7 9 |  9.0
Spellcasting   | 4 5 6 8 |  8.0
Maces & Flails | 1 |  1.3
Dodging        | 3 |  3.1
Stealth        | 3 |  3.0
Fighting       | |  0.4
Conjurations   | |  0.2
Air Magic      | |  0.2

Action                   |  1- 3 |  4- 6 |  7- 9 || total
-------------------------+-------+-------+-------++-------
Melee: Unarmed           |       |     5 |       ||     5
       Mace              |       |    49 |    44 ||    93
 Cast: Pain              |    72 |   122 |    50 ||   244
       Animate Skeleton  |    11 |    13 |       ||    24
       Animate Dead      |       |     7 |     2 ||     9
       Vampiric Draining |       |     9 |       ||     9
       Agony             |       |     2 |     1 ||     3
       Shock             |       |       |    24 ||    24
  Use: Scroll            |     1 |     8 |     1 ||    10
       Potion            |       |     2 |       ||     2
 Stab: Distracted        |       |     1 |       ||     1
  Eat: Chunk             |     4 |     5 |     1 ||    10
       Ration            |       |     4 |     2 ||     6
Armor: Robe              |    10 |    11 |     9 ||    30
Dodge: Dodged            |    30 |   111 |    76 ||   217
